 Dungeon Sprint DCSS version 0.30-a0-1085-g990a428a5c (webtiles) character file.

Game seed: 651327806916746385

2475 rocky1 the Thaumaturge (level 9, -9/45 HPs)
             Began as a Deep Elf Earth Elementalist on Apr 17, 2023.
             Was a High Priest of Sif Muna.
             Mangled by a two-headed ogre
             ... wielding a +0 giant club
              (18 damage)
             ... in the Dungeon (Sprint VII: "The Pits").
             The game lasted 00:05:46 (2271 turns).

rocky1 the Thaumaturge (DEEE)                       Turns: 2271, Time: 00:05:47

Health: -9/45      AC:  4    Str:  5    XL:     9   Next: 27%
Magic:  2/28       EV: 17    Int: 25    God:    Sif Muna [*****.]
Gold:   0          SH:  0    Dex: 15    Spells: 26/34 levels left

rFire   . . .      SeeInvis .    k - +1 flail (protect)
rCold   . . .      Faith    .    (no shield)
rNeg    . . .      Spirit   .    a - +0 robe
rPois   .          Reflect  .    (no helmet)
rElec   .          Rampage  .    p - +0 cloak
rCorr   .          NoTele   +    q - +0 pair of gloves
Will    .....                    (no boots)
Stlth   ++                       (no amulet)
HPRegen 0.27/turn                (no ring)
MPRegen 0.21/turn                (no ring)

@: no status effects
A: no striking features
a: Renounce Religion, Channel Magic, Forget Spell, Divine Exegesis


You were in the Dungeon.
You worshipped Sif Muna.
Sif Muna was extremely pleased with you.
You visited 1 branch

Inventory:

Hand Weapons
 k - a +1 flail of protection (weapon)
Armour
 a - a +0 robe (worn)
 p - a +0 cloak (worn)
 q - a +0 pair of gloves (worn)
Jewellery
 l - a +3 ring of evasion
 m - a +3 ring of protection
Scrolls
 i - 5 scrolls of amnesia
 j - a scroll of summoning
Potions
 b - 5 potions of magic
 c - 8 potions of curing
 d - 11 potions of heal wounds
 e - 3 potions of haste
 f - 3 potions of berserk rage
 h - 2 potions of invisibility
 n - a potion of brilliance
 o - a potion of resistance


   Skills:
 - Level 10.2 Dodging
 - Level 2.4 Stealth
 + Level 13.0 Spellcasting
 + Level 10.6 Conjurations
 + Level 1.9 Summonings
 - Level 1.1 Transmutations
 + Level 2.0 Air Magic
 + Level 11.4 Earth Magic
 + Level 10.6 Invocations


You had 26 spell levels left.
You knew the following spells:

 Your Spells              Type           Power      Damage    Failure   Level
a - Sandblast             Erth           100%       2d20      1%          1
b - Stone Arrow           Conj/Erth      100%       3d13      1%          3
c - Summon Lightning Spi  Summ/Air       26%        N/A       16%         4

Your spell library contained the following spells:

 Spells                   Type           Power      Damage    Failure   Level
 Shock                    Conj/Air       100%       1d9       1%          1
 Momentum Strike          Conj/Tloc      84%        3d10      1%          2
 Passwall                 Tmut/Erth      39%        N/A       1%          2
 Searing Ray              Conj           100%       2d8       1%          2
 Dazzling Flash           Conj/Hex       84%        N/A       1%          3
 Petrify                  Tmut/Erth      47%        N/A       2%          4
 Fulminant Prism          Conj/Hex       21%        3d12      4%          4
 Airstrike                Air            13%        2d(2-18)  16%         4
 Summon Ice Beast         Ice/Summ       21%        N/A       24%         4
 Ice Form                 Ice/Tmut       19%        N/A       28%         4
 Animate Dead             Necr           16%        N/A       34%         4


Dungeon Overview and Level Annotations

Branches:
Dungeon (1/1)

Altars:
Ashenzari
Cheibriados
Dithmenos
Elyvilon
Fedhas
Gozag
Hepliaklqana
Kikubaaqudgha
Makhleb
Nemelex Xobeh
Okawaru
Qazlal
Ru
Sif Muna
Trog
Uskayaw
Vehumet
Wu Jian
Xom
Yredelemnul
Zin
The Shining One
Jiyva
Lugonu


Message History

You feel much better.
Aiming: Stone Arrow (safe; 1% risk of failure)
Press: ? - help, Q - select action, (/) - cycle Shift-Dir - straight line, f - freezing wraith
Aim: a freezing wraith (severely damaged, 78% to hit)
The stone arrow hits the freezing wraith.
The freezing wraith is severely damaged.
Unknown command.
Aiming: Stone Arrow (safe; 1% risk of failure)
Press: ? - help, Q - select action, (/) - cycle Shift-Dir - straight line, f/p - freezing wraith
Aim: a freezing wraith (severely damaged, 78% to hit)
The stone arrow hits the freezing wraith!
The freezing wraith is almost destroyed.
Unknown command.
Aiming: Stone Arrow (safe; 1% risk of failure)
Press: ? - help, Q - select action, (/) - cycle Shift-Dir - straight line, f/p - freezing wraith
Aim: a freezing wraith (almost destroyed, 78% to hit)
The stone arrow hits the freezing wraith!
You destroy the freezing wraith!
Sif Muna accepts your kill.
Your Spellcasting skill increases to level 13!
Your Summonings skill increases to level 1!
Your Air Magic skill gained 2 levels and is now at level 2!
Aiming: Stone Arrow (safe; 1% risk of failure)
Press: ? - help, Q - select action, (/) - cycle Shift-Dir - straight line, f - two-headed ogre
Aim: a two-headed ogre, wielding a +0 giant club and a +0 giant spiked club (89% to hit)
The stone arrow hits the two-headed ogre!!
The two-headed ogre is heavily wounded.
You feel yourself speed up.
The two-headed ogre hits you with a +0 giant club!!
Ouch! That really hurt!
* * * LOW HITPOINT WARNING * * *
The two-headed ogre misses you.
Aiming: Stone Arrow (safe; 1% risk of failure)
Press: ? - help, Q - select action, (/) - cycle Shift-Dir - straight line, f/p - two-headed ogre
Aim: a two-headed ogre, wielding a +0 giant club and a +0 giant spiked club (heavily wounded, 89% to hit)
The stone arrow hits the two-headed ogre!
The two-headed ogre is severely wounded.
The two-headed ogre barely misses you.
The two-headed ogre hits you with a +0 giant spiked club!!
You die...

_...###########++######
###'##................#
))'.##......#..#......#
###.##................+
.....'................+
'#####......#..#......#
.#..##................#
.#.)#####'#####''######
##))##.......##'@#####
.#))##.......##.O....#
.#[[##.......##....###
##'###...<...##...## +
....##.......##..## .#
.)..##.......##..# .#
######.......##..#..#
##.. ##########..'..+
.#.############รท.#..#


You could see a two-headed ogre.

Vanquished Creatures
  A death yak (D)
  A freezing wraith (D)
  A gargoyle (D)
  An ice devil (D)
  Sigmund (D)
  A wraith (D)
  A wyvern (D)
  A warg (D)
  2 floating eyes (D)
  3 scorpions (D)
  A gnoll sergeant (D)
  A hound (D)
  An iron imp (D)
  An adder (D)
  3 gnolls (D)
  A bat (D)
  A giant cockroach (D)
  A goblin (D)
  A hobgoblin (D)
  A quokka (D)
  A ball python zombie (D)
  2 frilled lizards (D)
  A rat (D)
29 creatures vanquished.

Notes
Turn   | Place    | Note
-------+----------+-------------------------------------------
     0 | D        | rocky1 the Deep Elf Earth Elementalist began the quest for
                  | the Orb.
     0 | D        | Reached XP level 1. HP: 10/10 MP: 6/6
    18 | D        | Found a bloodstained altar of Trog.
    18 | D        | Found a shimmering blue altar of Sif Muna.
    18 | D        | Found a viscous altar of Jiyva.
    18 | D        | Found a hazy altar of Hepliaklqana.
    18 | D        | Found an opulent altar of Gozag.
    19 | D        | Found a glowing golden altar of the Shining One.
    19 | D        | Found a glowing silver altar of Zin.
    19 | D        | Found a basalt altar of Yredelemnul.
    19 | D        | Found a shimmering altar of Xom.
    19 | D        | Found an ornate altar of the Wu Jian Council.
    19 | D        | Found a sacrificial altar of Ru.
    19 | D        | Found a stormy altar of Qazlal.
    19 | D        | Found an iron altar of Okawaru.
    19 | D        | Found a sparkling altar of Nemelex Xobeh.
    19 | D        | Found a burning altar of Makhleb.
    19 | D        | Found a blossoming altar of Fedhas.
    19 | D        | Found a white marble altar of Elyvilon.
    19 | D        | Found a shadowy altar of Dithmenos.
    19 | D        | Found a snail-covered altar of Cheibriados.
    22 | D        | Found a corrupted altar of Lugonu.
    22 | D        | Found a radiant altar of Vehumet.
    23 | D        | Found an ancient bone altar of Kikubaaqudgha.
    23 | D        | Found a hide-covered altar of Uskayaw.
    23 | D        | Found a broken altar of Ashenzari.
    24 | D        | Became a worshipper of Sif Muna the Loreminder
   203 | D        | Noticed a floating eye
   207 | D        | Paralysed by a floating eye for 4 turns
   211 | D        | Killed a floating eye
   211 | D        | Reached * piety under Sif Muna
   212 | D        | Reached skill level 5 in Dodging
   212 | D        | Reached skill level 5 in Spellcasting
   212 | D        | Reached skill level 5 in Earth Magic
   212 | D        | Reached XP level 2. HP: 15/15 MP: 2/10
   212 | D        | Reached XP level 3. HP: 19/19 MP: 2/12
   212 | D        | Reached XP level 4. HP: 24/24 MP: 2/13
   477 | D        | Reached skill level 6 in Spellcasting
   593 | D        | Noticed a scorpion
   593 | D        | Noticed a scorpion
   600 | D        | Killed a scorpion
   600 | D        | Reached ** piety under Sif Muna
   601 | D        | Reached skill level 5 in Invocations
   601 | D        | Reached XP level 5. HP: 24/28 MP: 11/16
   620 | D        | Reached skill level 7 in Spellcasting
   620 | D        | Reached skill level 5 in Conjurations
   705 | D        | Learned a level 3 spell: Stone Arrow
   723 | D        | Reached *** piety under Sif Muna
   727 | D        | Reached XP level 6. HP: 24/32 MP: 14/18
   759 | D        | Noticed Sigmund
   764 | D        | Killed Sigmund
   765 | D        | Reached skill level 9 in Spellcasting
   840 | D        | Reached **** piety under Sif Muna
   960 | D        | Noticed an ice devil
   964 | D        | Killed an ice devil
   965 | D        | Reached XP level 7. HP: 13/36 MP: 8/22
  1154 | D        | Reached ***** piety under Sif Muna
  1156 | D        | Received a gift from Sif Muna
  1157 | D        | Reached skill level 10 in Spellcasting
  1169 | D        | Got Sif Muna's Mind of the Magus in Simple Steps {god gift}
  1728 | D        | Noticed a wyvern
  1728 | D        | Noticed a gargoyle
  1730 | D        | Killed a wyvern
  1731 | D        | Reached XP level 8. HP: 41/41 MP: 16/24
  1732 | D        | Killed a gargoyle
  1733 | D        | Reached skill level 10 in Dodging
  1733 | D        | Reached skill level 11 in Spellcasting
  1956 | D        | Reached skill level 10 in Earth Magic
  2012 | D        | Noticed a death yak
  2022 | D        | Killed a death yak
  2022 | D        | Received a gift from Sif Muna
  2023 | D        | Reached skill level 12 in Spellcasting
  2023 | D        | Reached skill level 10 in Conjurations
  2023 | D        | Reached skill level 10 in Invocations
  2023 | D        | Reached XP level 9. HP: 37/45 MP: 3/27
  2023 | D        | Got Sif Muna's Compilation of Conjuration {god gift}
  2250 | D        | Learned a level 4 spell: Summon Lightning Spire
  2260 | D        | Noticed a freezing wraith
  2260 | D        | Noticed a two-headed ogre
  2269 | D        | Killed a freezing wraith
  2270 | D        | Reached skill level 13 in Spellcasting
  2270 | D        | Reached skill level 1 in Summonings
  2271 | D        | Mangled by a two-headed ogre

Illustrated notes

Levels and vault maps discovered:
D:        pitsprint [storerooms_1, entrance_room_1, metal_vault_6, armoury_1,
          mini_pit_1, grid_room_1, main_hall_1, silver_pit, the_coven_3,
          the_vestibule_1, steel_vault_5, golden_pit, hallway_of_sentries,
          crystal_vault_2, iron_vault_5, final_vault]

Skill      XL: |  1  2  3  4  5  6  7  8  9 |
---------------+----------------------------+-----
Earth Magic    | 5 6 7 8 9 11 | 11.4
Dodging        | 5 6 7 8 9 10 | 10.2
Spellcasting   | 5 6 7 9 10 12 13 | 13.0
Conjurations   | 3 4 5 7 8 10 | 10.6
Invocations    | 4 5 7 8 10 | 10.6
Summonings     | 1 |  1.9
Air Magic      | 2 |  2.0
Stealth        | |  2.4
Transmutations | |  1.1

Action                     |  1- 3 |  4- 6 |  7- 9 || total
---------------------------+-------+-------+-------++-------
  Melee: Flail             |       |     2 |     1 ||     3
   Cast: Sandblast         |     8 |    15 |       ||    23
         Stone Arrow       |       |     8 |    38 ||    46
 Invoke: Channel Magic     |       |       |     1 ||     1
    Use: Scroll            |       |       |     1 ||     1
         Potion            |       |       |     1 ||     1
 Armour: Robe              |       |     2 |     1 ||     3
  Dodge: Dodged            |     1 |    10 |    11 ||    22

Table legend: (Time is in decaauts)
 A = Elapsed time spent in this place.
 B = Non-inter-level travel time spent in this place.
 C = Inter-level travel time spent in this place.
 D = Time resting spent in this place.
 E = Time spent auto-exploring this place.
 F = Levels seen in this place.
 G = Mean time per level.
                   A        B        C        D        E       F      G
               +--------+--------+--------+--------+--------+-----+--------+
         Total |   2286 |   2225 |     61 |   1879 |      0 |   1 | 2286.0 |
       Dungeon |   2286 |   2225 |     61 |   1879 |      0 |   1 | 2286.0 |
               +--------+--------+--------+--------+--------+-----+--------+

Top non-repeatable levels by time:
       D: 2286 daAuts
